[Event "2026 European Womens Championship"]
[Site "Batumi, GE"]
[Date "2026.06.02"]
[Round "8"]
[White "Pogorelskikh, Sofia"]
[Black "Bivol, Alina"]
[Result "1/2-1/2"]
[Board "19"]
[TimeControl "5400+30"]
[WhiteFideId "44164548"]
[BlackFideId "4100123"]
[WhiteElo "2284"]
[BlackElo "2361"]
[WhiteTitle "WGM"]
[BlackTitle "IM"]
[WhiteClock "0:01:58"]
[BlackClock "0:10:05"]
[Variant "Standard"]

1. e4 e6 2. d4 d5 3. Nc3 Nc6 4. Nf3 Nf6 5. e5 Ne4 6. Bd3 Bb4 7. Bd2 Bxc3 8. bxc3 b6 9. O-O Bb7 10. a4 Na5 11. Qe2 h6 12. Bb5+ c6 13. Bd3 Nxd2 14. Nxd2 c5 15. dxc5 bxc5 16. c4 dxc4 17. Nxc4 Nxc4 18. Bxc4 O-O 19. a5 Qc7 20. a6 Bc6 21. Qe3 Rac8 22. Rfd1 Ba8 23. Rd6 Rb8 24. Rad1 Rb4 25. Qd3 Rbb8 26. f4 Qe7 27. Rd7 Qh4 28. Bxe6 Qxf4 29. Qg6 Qe3+ 30. Kh1 Qxe5 31. Rxf7 Rxf7 32. Bxf7+ Kh8 33. Qg3 Qb2 34. Bg6 Qb6 35. h4 Rd8 36. Re1 Qxa6 37. h5 Bd5 38. Qc7 Qf6 39. Qe7 a5 40. Qxf6 gxf6 41. Kg1 Ra8 42. Rd1 Bg8 43. Ra1 a4 44. Ra3 Bh7 45. Bxh7 Kxh7 46. Kf2 f5 47. Ke3 Kg7 48. Kd3 Kf6 49. Kc4 Ra5 50. Kd5 Kg5 51. c4 Kxh5 52. Kc6 Kg5 53. Kb6 Ra8 54. Kxc5 Kf4 55. Kd5 Rd8+ 56. Ke6 Re8+ 57. Kd6 Re2 58. g3+ Kg4 59. c5 Rd2+ 60. Ke5 Re2+ 61. Kd6 Rd2+ 62. Ke5 Re2+ 1/2-1/2

[Event "2026 European Womens Championship"]
[Site "Batumi, GE"]
[Date "2026.06.02"]
[Round "8"]
[White "Bulmaga, Irina"]
[Black "Aydin, Gulenay"]
[Result "1-0"]
[Board "20"]
[TimeControl "5400+30"]
[WhiteFideId "13903063"]
[BlackFideId "34557431"]
[WhiteElo "2361"]
[BlackElo "2204"]
[WhiteTitle "IM"]
[BlackTitle "WIM"]
[WhiteClock "0:02:53"]
[BlackClock "0:02:19"]
[Variant "Standard"]

1. e4 d6 2. d4 Nf6 3. Nc3 e5 4. Nf3 Nbd7 5. Rg1 c6 6. g4 g6 7. g5 Nh5 8. Be3 Be7 9. Qd2 O-O 10. O-O-O b5 11. a3 Rb8 12. dxe5 dxe5 13. Bh3 Qc7 14. Bxd7 Rd8 15. Nxe5 Qxe5 16. Bd4 Qc7 17. Bxc8 Rbxc8 18. Qe3 b4 19. axb4 Bxb4 20. Ne2 Qa5 21. Kb1 c5 22. Bc3 Re8 23. Bxb4 Qxb4 24. f3 Re6 25. Qb3 Qa5 26. Rd7 Rf8 27. Rgd1 Ra6 28. c3 Rb6 29. Qc4 Qa3 30. Qa2 Qxa2+ 31. Kxa2 Ra6+ 32. Kb1 f6 33. gxf6 Rfxf6 34. R1d3 c4 35. Rd8+ Kg7 36. R3d7+ Kh6 37. Nd4 Rf4 38. Rd6 Ra4 39. Nf5+ Kg5 40. h4+ Rxh4 41. Nxh4 Kxh4 42. e5 Kg5 43. e6 1-0

[Event "2026 European Womens Championship"]
[Site "Batumi, GE"]
[Date "2026.06.02"]
[Round "8"]
[White "Nomin-Erdene, Davaademberel"]
[Black "Chernyak, Viktoria"]
[Result "1-0"]
[Board "21"]
[TimeControl "5400+30"]
[WhiteFideId "4900782"]
[BlackFideId "24165956"]
[WhiteElo "2328"]
[BlackElo "2191"]
[WhiteTitle "IM"]
[BlackTitle "WGM"]
[WhiteClock "0:31:04"]
[BlackClock "0:29:37"]
[Variant "Standard"]

1. e4 c5 2. Nf3 Nc6 3. d4 cxd4 4. Nxd4 Qb6 5. Nb3 e6 6. Nc3 Qc7 7. Qe2 a6 8. g4 b5 9. Bg2 Bb7 10. a3 b4 11. axb4 Bxb4 12. O-O Nge7 13. f4 O-O 14. Na2 a5 15. Nxb4 Nxb4 16. Rf2 Rfc8 17. Nd4 Ng6 18. Qd1 e5 19. fxe5 Qxe5 20. c3 Nc6 21. Nf5 Rf8 22. h4 Nge7 23. Bf4 Qe6 24. Rd2 Ng6 25. Bg3 Nge5 26. Rd6 Qe8 27. h5 Ba6 28. h6 g6 29. Ne3 Qe7 30. Bf4 Qh4 31. Nd5 Nd3 32. Nf6+ Kh8 33. Qf3 Nce5 34. Qg3 Qxg3 35. Bxg3 Bc4 36. Bf1 Ra7 37. Bxd3 Nxd3 38. b3 Ba6 39. Rxa5 Rfa8 40. Raxa6 Rxa6 41. Rxd3 Ra1+ 42. Kg2 R8a2+ 43. Bf2 1-0

[Event "2026 European Womens Championship"]
[Site "Batumi, GE"]
[Date "2026.06.02"]
[Round "8"]
[White "Rapport, Jovana"]
[Black "Osmak, Yuliia"]
[Result "1/2-1/2"]
[Board "22"]
[TimeControl "5400+30"]
[WhiteFideId "937266"]
[BlackFideId "14101602"]
[WhiteElo "2235"]
[BlackElo "2451"]
[WhiteTitle "WGM"]
[BlackTitle "IM"]
[WhiteClock "0:13:01"]
[BlackClock "0:13:05"]
[Variant "Standard"]

1. e4 c6 2. Nf3 d5 3. Nc3 Bg4 4. h3 Bxf3 5. Qxf3 e6 6. g3 Nd7 7. Bg2 d4 8. Ne2 Qb6 9. Qd3 e5 10. Qc4 Qb5 11. Qxb5 cxb5 12. a3 Rc8 13. Kd1 Ne7 14. d3 Nc6 15. h4 Nc5 16. Bh3 Rc7 17. f4 f6 18. b4 Na4 19. Be6 Nc3+ 20. Nxc3 dxc3 21. Be3 Bd6 22. Ke2 Ke7 23. Bd5 Rf8 24. Rhb1 f5 25. fxe5 Bxe5 26. exf5 Rxf5 27. g4 Rf8 28. Rf1 Nd4+ 29. Bxd4 Bxd4 30. Rxf8 Kxf8 31. Rf1+ Ke7 32. Rf4 Be5 33. Re4 Kd6 34. Bg8 h6 35. g5 Rc8 36. d4 Bg3 37. Bf7 hxg5 38. hxg5 Rc7 39. Be8 a6 40. Kd3 Re7 41. Bg6 Be1 42. Rg4 Bd2 43. Be4 Rc7 44. Rg1 b6 45. g6 Rc8 46. Rh1 Rf8 47. Rh5 Rf1 48. Bb7 Re1 49. Re5 Rxe5 50. dxe5+ Kxe5 1/2-1/2

[Event "2026 European Womens Championship"]
[Site "Batumi, GE"]
[Date "2026.06.02"]
[Round "8"]
[White "Javakhishvili, Lela"]
[Black "Orian, Noga"]
[Result "1-0"]
[Board "23"]
[TimeControl "5400+30"]
[WhiteFideId "13601458"]
[BlackFideId "2836475"]
[WhiteElo "2442"]
[BlackElo "2231"]
[WhiteTitle "IM"]
[BlackTitle "WIM"]
[WhiteClock "0:42:35"]
[BlackClock "0:26:59"]
[Variant "Standard"]

1. c4 e5 2. g3 Nf6 3. Bg2 c6 4. d4 Bb4+ 5. Bd2 Bxd2+ 6. Qxd2 d6 7. Nc3 O-O 8. dxe5 dxe5 9. Qxd8 Rxd8 10. Nf3 Re8 11. b4 Na6 12. a3 Bg4 13. Nd2 Re7 14. Nb3 Rd8 15. O-O Kf8 16. Na5 Nb8 17. Rfc1 Rc8 18. c5 Be6 19. Na4 Rcc7 20. Rab1 Bd5 21. Bh3 Nbd7 22. Nc3 g6 23. Rb2 e4 24. Nd1 Ne5 25. Ne3 b6 26. cxb6 axb6 27. Nac4 Nxc4 28. Nxc4 b5 29. Na5 Nd7 30. Bxd7 Rexd7 31. Rbc2 Ra7 32. g4 h6 33. Rc5 Ra6 34. Kg2 Rd6 35. Kg3 Ke7 36. Kf4 Rf6+ 37. Ke3 Kd6 38. R5c3 Ke5 39. Rd1 Ra7 40. Rc5 Kd6 41. Rxc6+ 1-0

[Event "2026 European Womens Championship"]
[Site "Batumi, GE"]
[Date "2026.06.02"]
[Round "8"]
[White "Piddubna, Bozhena"]
[Black "Maltsevskaya, Aleksandra"]
[Result "1/2-1/2"]
[Board "24"]
[TimeControl "5400+30"]
[WhiteFideId "34109293"]
[BlackFideId "24174041"]
[WhiteElo "2235"]
[BlackElo "2390"]
[WhiteTitle "WIM"]
[BlackTitle "IM"]
[WhiteClock "0:05:21"]
[BlackClock "0:01:28"]
[Variant "Standard"]

1. d4 Nf6 2. c4 e6 3. g3 Bb4+ 4. Nd2 c5 5. a3 Bxd2+ 6. Qxd2 Nc6 7. Nf3 Ne4 8. Qd3 Qa5+ 9. Nd2 d5 10. Bg2 O-O 11. cxd5 exd5 12. O-O Nxd4 13. Nxe4 dxe4 14. Bxe4 Bg4 15. f3 Bh3 16. b4 Qa4 17. Re1 Rad8 18. Bg5 f6 19. Bf4 Be6 20. Bxh7+ Kh8 21. Bg6 c4 22. Qe4 Bf7 23. Bxf7 Rxf7 24. Rac1 b5 25. Be3 Rfd7 26. Kf2 Nb3 27. Rcd1 Rxd1 28. Rxd1 Rxd1 29. Qe8+ Kh7 30. Qh5+ Kg8 31. Qe8+ 1/2-1/2

[Event "2026 European Womens Championship"]
[Site "Batumi, GE"]
[Date "2026.06.02"]
[Round "8"]
[White "Mammadzada, Gunay"]
[Black "Ibrahimova, Sabina"]
[Result "0-1"]
[Board "25"]
[TimeControl "5400+30"]
[WhiteFideId "13403729"]
[BlackFideId "13403893"]
[WhiteElo "2374"]
[BlackElo "2205"]
[WhiteTitle "IM"]
[BlackTitle "WIM"]
[WhiteClock "0:00:41"]
[BlackClock "0:02:04"]
[Variant "Standard"]

1. Nf3 d5 2. d4 Nf6 3. c4 e6 4. cxd5 exd5 5. Nc3 h6 6. Bf4 Bd6 7. Bxd6 Qxd6 8. e3 O-O 9. Bd3 Bg4 10. O-O c5 11. Nb5 Qe7 12. dxc5 Na6 13. h3 Bd7 14. Nc3 Nxc5 15. Bc2 Rad8 16. Nd4 Nce4 17. Nce2 Rfe8 18. Nf4 Rc8 19. Bb3 Be6 20. a3 a6 21. Re1 Qd6 22. Qe2 Qb6 23. Red1 Nd6 24. Bc2 Nde4 25. Rab1 Rc7 26. f3 Nc5 27. b4 Ncd7 28. Kh1 Nf8 29. Bb3 Rc3 30. Qd2 Rec8 31. Re1 R3c7 32. Rbd1 Rd7 33. Qb2 Rcd8 34. Nd3 Rd6 35. Nc5 Bc8 36. e4 dxe4 37. fxe4 Nh5 38. e5 Rg6 39. Qf2 Ne6 40. Nf5 Re8 41. Ba4 Nef4 42. Bxe8 Rxg2 43. Qxg2 Nxg2 44. Ne7+ Kh7 45. Rd6 Qc7 46. Nd5 Qb8 47. Bxf7 Ngf4 48. Rd8 g5 49. Nxf4 Nxf4 50. Be6 Nxe6 51. Nxe6 b5 52. Kh2 Qb6 53. Rc1 Qf2+ 0-1

[Event "2026 European Womens Championship"]
[Site "Batumi, GE"]
[Date "2026.06.02"]
[Round "8"]
[White "Kubicka, Anna"]
[Black "Sivanandan, Bodhana"]
[Result "1-0"]
[Board "26"]
[TimeControl "5400+30"]
[WhiteFideId "1152254"]
[BlackFideId "497592"]
[WhiteElo "2226"]
[BlackElo "2374"]
[WhiteTitle "WIM"]
[BlackTitle "FM"]
[WhiteClock "0:05:53"]
[BlackClock "0:08:15"]
[Variant "Standard"]

1. e4 e5 2. Nf3 Nf6 3. Nxe5 d6 4. Nf3 Nxe4 5. d4 d5 6. Bd3 Bd6 7. O-O O-O 8. c4 c6 9. Qc2 Bf5 10. Nc3 Re8 11. Re1 Na6 12. a3 Qd7 13. Be3 Nc7 14. c5 Bf8 15. Ne5 Qe6 16. f3 f6 17. fxe4 dxe4 18. Bc4 Nd5 19. g4 Bxg4 20. Qxe4 Bf5 21. Qg2 Rad8 22. Nf3 Qf7 23. Bf2 Be6 24. Nxd5 Bxd5 25. Bxd5 Qxd5 26. Rxe8 Rxe8 27. Re1 Rd8 28. Nh4 Qxg2+ 29. Nxg2 Kf7 30. Nf4 Rd7 31. d5 g5 32. dxc6 bxc6 33. Ne6 Be7 34. b4 Rd3 35. Nd4 Rxa3 36. Nxc6 Bf8 37. Nd8+ Kg6 38. Re8 Bg7 39. c6 Rc3 40. Bc5 f5 41. c7 Bd4+ 42. Kf1 Rc1+ 43. Ke2 Bc3 44. c8=Q Re1+ 45. Kd3 Rxe8 46. Qc6+ Bf6 47. Qxe8+ Kh6 48. Bf8+ Bg7 49. Bxg7+ Kxg7 50. Qf7+ Kh6 51. Ne6 g4 52. Qf6+ Kh5 53. Ng7# 1-0

[Event "2026 European Womens Championship"]
[Site "Batumi, GE"]
[Date "2026.06.02"]
[Round "8"]
[White "Siekanska, Maria"]
[Black "Brunello, Marina"]
[Result "1-0"]
[Board "27"]
[TimeControl "5400+30"]
[WhiteFideId "21852650"]
[BlackFideId "822590"]
[WhiteElo "2203"]
[BlackElo "2346"]
[WhiteTitle "WIM"]
[BlackTitle "IM"]
[WhiteClock "0:07:08"]
[BlackClock "0:06:07"]
[Variant "Standard"]

1. d4 d5 2. c4 e6 3. Nf3 Nf6 4. g3 h6 5. Bg2 Bd6 6. O-O O-O 7. b3 a5 8. Bb2 c6 9. Nc3 Nbd7 10. Qc2 Re8 11. Rfd1 Rb8 12. e4 Nxe4 13. Nxe4 dxe4 14. Qxe4 Qe7 15. Ne5 Ra8 16. Rac1 Nf6 17. Qc2 Rd8 18. Nd3 Bc7 19. a3 Bd6 20. Qc3 Bd7 21. b4 axb4 22. axb4 Be8 23. Ra1 Rdc8 24. Qb3 Qd8 25. b5 Rxa1 26. Rxa1 b6 27. bxc6 Bxc6 28. d5 exd5 29. cxd5 Bb7 30. Ra7 Rb8 31. Ne5 Qe7 32. Nc6 Qe1+ 33. Bf1 Bc5 34. Qf3 Ng4 35. Ra1 Qxf2+ 36. Qxf2 Bxf2+ 37. Kg2 Bc5 38. Ba6 Re8 39. Bxb7 Ne3+ 40. Kf3 Nxd5 41. Ra8 Rxa8 42. Bxa8 b5 43. Ne5 Nb6 44. Bc6 b4 45. Ke4 b3 46. Nd7 Nxd7 47. Bxd7 Bg1 48. h3 Bf2 49. Kf3 Bc5 50. Ba4 f6 51. Bxb3+ Kh8 52. Bc3 Bd6 53. Be1 Kh7 54. Ke4 g6 55. Kd5 Be5 56. Ke6 Kg7 57. Bc2 Bd4 58. Bb4 Be5 59. Bd6 Bc3 60. Ke7 Bd4 61. Ke8 f5 62. Ke7 Kh7 63. Ke6 Bc3 64. Be5 Be1 65. Kf7 h5 66. Bb3 Ba5 67. Ba4 Bb6 68. Bc2 Bf2 69. Ba4 Bb6 70. Bg7 Bf2 71. g4 hxg4 72. hxg4 Be3 73. gxf5 1-0

[Event "2026 European Womens Championship"]
[Site "Batumi, GE"]
[Date "2026.06.02"]
[Round "8"]
[White "Mammadova, Gulnar"]
[Black "Khachatryan, Anna"]
[Result "0-1"]
[Board "28"]
[TimeControl "5400+30"]
[WhiteFideId "13403508"]
[BlackFideId "13310780"]
[WhiteElo "2325"]
[BlackElo "2154"]
[WhiteTitle "IM"]
[BlackTitle "WFM"]
[WhiteClock "0:21:53"]
[BlackClock "0:20:30"]
[Variant "Standard"]

1. e4 c5 2. Nf3 Nc6 3. Bb5 g6 4. Bxc6 bxc6 5. O-O Bg7 6. Re1 Nh6 7. c3 O-O 8. d4 cxd4 9. cxd4 d5 10. e5 f6 11. Qc2 Bg4 12. Nbd2 Qb6 13. h3 Bf5 14. Qc3 Nf7 15. exf6 exf6 16. g4 Bd7 17. Nb3 Rae8 18. Bf4 g5 19. Bg3 h5 20. Nc5 Bc8 21. gxh5 Bxh3 22. Nd2 Bg4 23. f3 Bc8 24. Ndb3 f5 25. Be5 Nxe5 26. dxe5 Qc7 27. f4 gxf4 28. Nd3 Qe7 29. Qd2 Bh6 30. Nd4 Kh7 31. Nf3 Rg8+ 32. Kf2 Rg4 33. Qb4 Qg7 34. Rg1 Rg8 35. Rxg4 fxg4 36. Rg1 Qf7 37. e6 Qxh5 38. Nxf4 Qf5 39. Rh1 c5 40. Qd2 gxf3 41. e7 Qg5 42. Qd3+ Bf5 43. Qxd5 Qg3+ 44. Kf1 Bh3+ 0-1

[Event "2026 European Womens Championship"]
[Site "Batumi, GE"]
[Date "2026.06.02"]
[Round "8"]
[White "Hryzlova, Sofiia"]
[Black "Sliwicka, Alicja"]
[Result "1/2-1/2"]
[Board "29"]
[TimeControl "5400+30"]
[WhiteFideId "14174669"]
[BlackFideId "1150677"]
[WhiteElo "2226"]
[BlackElo "2315"]
[WhiteTitle "WIM"]
[BlackTitle "WGM"]
[WhiteClock "0:28:59"]
[BlackClock "0:09:53"]
[Variant "Standard"]

1. d4 Nf6 2. c4 c5 3. d5 b5 4. cxb5 a6 5. bxa6 e6 6. Nc3 exd5 7. Nxd5 Nxa6 8. Bg5 Be7 9. Nxe7 Qxe7 10. e3 Qe5 11. Bxf6 Qxf6 12. Bxa6 Rxa6 13. Ne2 Qxb2 14. O-O O-O 15. Nf4 d6 16. a4 Be6 17. Qd3 Qb7 18. Rfb1 Qc6 19. a5 Rfa8 20. h3 d5 21. Qc3 Rc8 22. Rd1 f6 23. Qd2 Rca8 24. Nxe6 Qxe6 25. Qxd5 Qxd5 26. Rxd5 Rxa5 27. Rc1 Rc8 28. Rc4 Rc7 29. g4 Kf7 30. Kg2 Ke6 31. e4 Rb5 32. f3 1/2-1/2

[Event "2026 European Womens Championship"]
[Site "Batumi, GE"]
[Date "2026.06.02"]
[Round "8"]
[White "Rudzinska, Michalina"]
[Black "Matnadze Bujiashvili, Ann"]
[Result "0-1"]
[Board "30"]
[TimeControl "5400+30"]
[WhiteFideId "1172883"]
[BlackFideId "13601377"]
[WhiteElo "2200"]
[BlackElo "2310"]
[WhiteTitle "WGM"]
[BlackTitle "IM"]
[WhiteClock "0:00:33"]
[BlackClock "0:05:21"]
[Variant "Standard"]

1. e4 c5 2. Nf3 Nc6 3. d4 cxd4 4. Nxd4 Nf6 5. Nc3 d6 6. Bg5 e6 7. Qd2 a6 8. Nxc6 bxc6 9. O-O-O Be7 10. Bxf6 gxf6 11. Bc4 Qa5 12. Kb1 h5 13. Rhe1 Rb8 14. f4 Rg8 15. Bb3 h4 16. f5 Qe5 17. Qf2 c5 18. Qxh4 c4 19. Ba4+ Bd7 20. Bxd7+ Kxd7 21. Qh3 Rh8 22. Qe3 Rb7 23. Na4 Ke8 24. h3 Qb5 25. Qa3 d5 26. Qf3 Qxa4 27. exd5 Qb5 28. b3 e5 29. d6 cxb3 30. axb3 Bd8 31. Rd5 Qd7 32. Qg4 Kf8 33. Re3 Rg8 34. Qh5 Qc6 35. Red3 Rb5 36. Rxb5 axb5 37. Qh6+ Ke8 38. Qh7 Rxg2 39. d7+ Ke7 40. c3 Qe4 0-1

[Event "2026 European Womens Championship"]
[Site "Batumi, GE"]
[Date "2026.06.02"]
[Round "8"]
[White "Hrebenshchykova, Yelyzaveta"]
[Black "Vidic, Teja"]
[Result "1-0"]
[Board "31"]
[TimeControl "5400+30"]
[WhiteFideId "14159899"]
[BlackFideId "14605511"]
[WhiteElo "2309"]
[BlackElo "2123"]
[WhiteTitle "WGM"]
[BlackTitle "WIM"]
[WhiteClock "0:03:49"]
[BlackClock "0:05:26"]
[Variant "Standard"]

1. e4 c5 2. Nf3 Nc6 3. Bb5 Nf6 4. Nc3 Qc7 5. O-O e5 6. d3 Be7 7. Bxc6 dxc6 8. a4 h6 9. a5 a6 10. Qe1 c4 11. dxc4 Bb4 12. Bd2 Bg4 13. Nh4 O-O 14. Nb1 Be7 15. Bc3 Nxe4 16. Qxe4 f5 17. Qxe5 Qxe5 18. Bxe5 Bxh4 19. f3 Bh5 20. Nc3 Rfe8 21. Bd4 Bf7 22. b3 Be7 23. Na4 Rad8 24. Rfd1 Bb4 25. Bc3 Bd6 26. Rd3 Bf4 27. g3 Be3+ 28. Kg2 f4 29. Rad1 Rb8 30. Rd7 h5 31. gxf4 Bxf4 32. Re1 Rxe1 33. Bxe1 Re8 34. Bg3 Bg5 35. h4 Bf6 36. Rxb7 Re2+ 37. Kf1 Rxc2 38. Nc5 Rc3 39. Rb8+ Kh7 40. Ke2 Bg6 41. Ne6 Bc2 42. Nf8+ Kg8 43. Nd7+ Kf7 44. Nxf6 gxf6 45. Kd2 Rxf3 46. Kxc2 Rxg3 47. Rb6 c5 48. Rxa6 Rg2+ 49. Kc3 Ra2 50. Kd3 Ra3 51. Kc2 Ra2+ 52. Kb1 Rh2 53. Rc6 Rxh4 54. Rxc5 Kg6 55. a6 Re4 56. Rc8 Re7 57. b4 Rh7 58. b5 h4 59. b6 h3 60. Rg8+ Kf5 61. Rg1 h2 62. Rh1 Kg4 63. b7 Rh8 64. a7 1-0

[Event "2026 European Womens Championship"]
[Site "Batumi, GE"]
[Date "2026.06.02"]
[Round "8"]
[White "Arakhamia-Grant, Ketevan"]
[Black "Ismayil, Malak"]
[Result "0-1"]
[Board "32"]
[TimeControl "5400+30"]
[WhiteFideId "13600168"]
[BlackFideId "13412604"]
[WhiteElo "2306"]
[BlackElo "2122"]
[WhiteTitle "GM"]
[BlackTitle "WIM"]
[WhiteClock "0:00:37"]
[BlackClock "0:33:44"]
[Variant "Standard"]

1. e4 c6 2. d4 d5 3. Nc3 dxe4 4. Nxe4 Nf6 5. Nxf6+ exf6 6. c3 Bd6 7. Bd3 Na6 8. Qc2 Nc7 9. Ne2 Nd5 10. Bd2 Be6 11. O-O h6 12. c4 Ne7 13. Rad1 O-O 14. h3 Qd7 15. Bf4 Rfd8 16. Rfe1 Rac8 17. Bxd6 Qxd6 18. Ng3 Kh8 19. Bf1 f5 20. Qd2 Rd7 21. Nh5 Ng6 22. Qc3 Qf8 23. g3 b5 24. b3 bxc4 25. bxc4 Qg8 26. Bg2 f4 27. gxf4 Nh4 28. Bf1 Rcd8 29. Re3 Nf5 30. Red3 f6 31. Ng3 Nxg3 32. Rxg3 Qf8 33. Qc1 Rxd4 34. Rxd4 Rxd4 35. Qe3 Qd6 36. f5 Bf7 37. Qb3 c5 38. Qb7 Qd7 39. Qa8+ Kh7 40. Qf8 Bxc4 41. Bg2 Bd5 42. Qxc5 Bxg2 43. Kxg2 Rd5 44. Qc2 Qxf5 45. Qxf5+ Rxf5 46. Rc3 Ra5 47. a3 g5 48. Kg3 Ra4 49. f3 Kg6 50. Rb3 f5 51. Rc3 Kh5 52. Rd3 f4+ 53. Kg2 Kh4 54. Rd6 h5 55. Rd3 Rc4 56. Rd2 Rc3 57. Ra2 a5 58. a4 Rb3 59. Rc2 Ra3 60. Rc4 Ra2+ 61. Kf1 Kxh3 62. Rc5 Kg3 63. Rxg5+ Kxf3 64. Kg1 Rxa4 65. Rxh5 Ra1+ 66. Kh2 Kf2 67. Rb5 Ra2 68. Rc5 f3 69. Re5 Kf1+ 70. Kg3 f2 71. Kh2 a4 72. Re4 a3 73. Re3 Ra1 0-1

[Event "2026 European Womens Championship"]
[Site "Batumi, GE"]
[Date "2026.06.02"]
[Round "8"]
[White "Velikic, Adela"]
[Black "Ivanytska, Liudmyla"]
[Result "0-1"]
[Board "33"]
[TimeControl "5400+30"]
[WhiteFideId "913553"]
[BlackFideId "14176211"]
[WhiteElo "2277"]
[BlackElo "2112"]
[WhiteTitle "WIM"]
[WhiteClock "0:02:15"]
[BlackClock "1:06:47"]
[Variant "Standard"]

1. e4 c5 2. Nf3 e6 3. d4 cxd4 4. Nxd4 Nc6 5. Nc3 Qc7 6. Be3 a6 7. Qf3 Nf6 8. O-O-O Ne5 9. Qg3 b5 10. f4 Neg4 11. Bg1 b4 12. Na4 h5 13. e5 Nd5 14. h3 Nh6 15. f5 Bb7 16. Kb1 h4 17. Qe1 Qa5 18. b3 Nc3+ 19. Nxc3 bxc3 20. Bd3 Rc8 21. a4 Ba3 22. fxe6 dxe6 23. Qxh4 Bd5 24. Be3 Bb2 25. Bc1 Bxc1 26. Rxc1 Qb4 27. Nf5 Qa3 28. Qe7+ Qxe7 29. Nxe7 Kxe7 30. Bxa6 Ra8 31. Bb5 Nf5 32. Rhg1 Nd4 33. Rcd1 Nxb5 34. axb5 Ra3 0-1

[Event "2026 European Womens Championship"]
[Site "Batumi, GE"]
[Date "2026.06.02"]
[Round "8"]
[White "Calzetta Ruiz, Monica"]
[Black "Mirzoeva, Elmira"]
[Result "1/2-1/2"]
[Board "34"]
[TimeControl "5400+30"]
[WhiteFideId "2204185"]
[BlackFideId "4127951"]
[WhiteElo "2199"]
[BlackElo "2265"]
[WhiteTitle "WGM"]
[BlackTitle "WGM"]
[WhiteClock "0:02:11"]
[BlackClock "0:01:01"]
[Variant "Standard"]

1. e4 d5 2. exd5 Qxd5 3. Nc3 Qd6 4. d4 Nf6 5. Nf3 g6 6. Ne5 Bg7 7. Bc4 O-O 8. O-O a6 9. Bf4 Qd8 10. Qf3 Nbd7 11. Rad1 Nb6 12. Bb3 c6 13. Ne4 Nbd5 14. Bc1 Nxe4 15. Qxe4 Bf5 16. Qf3 a5 17. a4 f6 18. Nd3 Kh8 19. Rfe1 e5 20. dxe5 fxe5 21. Qg3 Bxd3 22. Rxd3 Qb6 23. Bxd5 cxd5 24. Rxd5 Qb4 25. Bd2 Qxa4 26. Rdxe5 Qxc2 27. Bc3 Rac8 28. Re7 Bxc3 29. bxc3 Qxc3 30. Rxh7+ Kxh7 31. Re7+ Qg7 32. Qh3+ Kg8 33. Rxg7+ Kxg7 34. Qd7+ Kg8 35. Qe6+ Kh8 36. Qh3+ Kg7 37. Qd7+ Kh6 38. Qd2+ Kg7 39. Qd7+ Kg8 40. Qe6+ Kg7 1/2-1/2

[Event "2026 European Womens Championship"]
[Site "Batumi, GE"]
[Date "2026.06.02"]
[Round "8"]
[White "Safarli, Josefine"]
[Black "Poliakova, Varvara"]
[Result "1-0"]
[Board "35"]
[TimeControl "5400+30"]
[WhiteFideId "12900460"]
[BlackFideId "13518313"]
[WhiteElo "2253"]
[BlackElo "2108"]
[WhiteTitle "WGM"]
[BlackTitle "WFM"]
[WhiteClock "0:39:01"]
[BlackClock "0:29:39"]
[Variant "Standard"]

1. e4 c5 2. Nf3 d6 3. d4 cxd4 4. Nxd4 Nf6 5. Nc3 a6 6. f3 e5 7. Nb3 Be6 8. Be3 Be7 9. Qd2 h5 10. Be2 Nbd7 11. Nd5 Bxd5 12. exd5 Qc7 13. Rc1 O-O 14. c4 a5 15. Na1 Nc5 16. Nc2 Bd8 17. Na3 Qd7 18. O-O Bb6 19. b3 Rfe8 20. Nb5 Nh7 21. Kh1 f5 22. Bd1 f4 23. Bg1 e4 24. fxe4 Nxe4 25. Qd3 Bxg1 26. Kxg1 Nc5 27. Qg6 Nf6 28. Bxh5 Qe7 29. Rc3 Nce4 30. Rd3 a4 31. Bg4 Nc5 32. Be6+ Nxe6 33. dxe6 Qxe6 34. Nc7 Qe5 35. Nxe8 Rxe8 36. h3 axb3 37. axb3 b5 38. cxb5 Qxb5 39. Rdf3 Nh5 40. Qxd6 Ng3 41. Rxg3 fxg3 42. Qxg3 Rb8 43. Rf3 Rc8 44. Kh2 Qb6 45. Re3 Qd4 46. Qe5 1-0

[Event "2026 European Womens Championship"]
[Site "Batumi, GE"]
[Date "2026.06.02"]
[Round "8"]
[White "Olde, Margareth"]
[Black "Purtseladze, Maka"]
[Result "1-0"]
[Board "36"]
[TimeControl "5400+30"]
[WhiteFideId "4503082"]
[BlackFideId "13602659"]
[WhiteElo "2194"]
[BlackElo "2237"]
[WhiteTitle "WIM"]
[BlackTitle "IM"]
[WhiteClock "0:06:23"]
[BlackClock "0:31:20"]
[Variant "Standard"]

1. Nf3 d5 2. g3 Nd7 3. c4 dxc4 4. Qa4 c6 5. Qxc4 e5 6. Bg2 Ngf6 7. O-O Bd6 8. b3 Qe7 9. Bb2 O-O 10. Qc2 Nb6 11. Nc3 Bg4 12. h3 Bh5 13. Nh4 Bg6 14. Qc1 e4 15. Nxg6 hxg6 16. Qc2 Rfe8 17. d3 exd3 18. Qxd3 Rad8 19. Qc2 Be5 20. e3 Qc5 21. Rac1 Rd7 22. Qe2 Red8 23. Nd5 Qd6 24. Bxe5 Qxe5 25. Nxb6 axb6 26. Rfd1 b5 27. Rxd7 Rxd7 28. Rd1 Kf8 29. Rxd7 Nxd7 30. Qd2 Ke7 31. f4 Qd6 32. Qc3 Qa3 33. Qc2 Qc5 34. Qe4+ Kd6 35. Qe8 Qf5 36. e4 Qe6 37. Qc8 Kc5 38. Qxb7 Nf6 39. Qa7+ Kb4 40. Qd4+ Ka3 41. Qa7+ Kb2 42. Qf2+ Ka3 43. Qc2 Nd7 44. e5 c5 45. Qd3 b4 46. Qc2 Qb6 47. Kh2 Nf8 48. Be4 Qd8 49. Qc1+ Kxa2 50. Bb1+ 1-0

[Event "2026 European Womens Championship"]
[Site "Batumi, GE"]
[Date "2026.06.02"]
[Round "8"]
[White "Deak-Sala, Emilia"]
[Black "Skarbarchuk, Tetyana"]
[Result "1/2-1/2"]
[Board "37"]
[TimeControl "5400+30"]
[WhiteFideId "795615"]
[BlackFideId "14184494"]
[WhiteElo "2086"]
[BlackElo "2236"]
[WhiteTitle "WFM"]
[WhiteClock "0:07:42"]
[BlackClock "0:20:20"]
[Variant "Standard"]

1. d4 d5 2. Nc3 Nf6 3. Bf4 e6 4. Nb5 Na6 5. e3 c6 6. Nc3 Qb6 7. a3 Bd7 8. Na4 Qa5+ 9. c3 b5 10. Nc5 Nxc5 11. b4 Qa4 12. bxc5 Qxd1+ 13. Rxd1 Ne4 14. Ne2 g5 15. Bc7 Rc8 16. Ba5 g4 17. Ng3 Nf6 18. Bd3 h5 19. Kd2 h4 20. Ne2 e5 21. a4 e4 22. Bc2 a6 23. axb5 axb5 24. Ra1 Be7 25. Bb6 Bd8 26. Bxd8 Kxd8 27. Ra7 Rc7 28. Ra8+ Rc8 29. Ra7 Rc7 30. Ra6 Ke7 31. Nf4 Nh5 32. Bd1 Nxf4 33. exf4 Rcc8 34. Be2 Ra8 35. Raa1 Kf6 36. Ke3 Bf5 37. g3 h3 38. Rhb1 Ke6 39. Bd1 Kd7 40. Be2 Kc7 41. Bd1 Rhb8 42. Be2 Kd7 43. Bd1 Kc8 44. Be2 Kc7 45. Bd1 Kc8 1/2-1/2

[Event "2026 European Womens Championship"]
[Site "Batumi, GE"]
[Date "2026.06.02"]
[Round "8"]
[White "Abdinova, Narmin"]
[Black "Tsolakidou, Stavroula"]
[Result "0-1"]
[Board "38"]
[TimeControl "5400+30"]
[WhiteFideId "13425340"]
[BlackFideId "4264312"]
[WhiteElo "2165"]
[BlackElo "2455"]
[WhiteTitle "WIM"]
[BlackTitle "IM"]
[WhiteClock "0:00:33"]
[BlackClock "0:04:59"]
[Variant "Standard"]

1. e4 c5 2. Nf3 d6 3. d4 cxd4 4. Nxd4 Nf6 5. Nc3 a6 6. Bd3 g6 7. O-O Bg7 8. Kh1 O-O 9. f4 e5 10. fxe5 dxe5 11. Nf3 Nc6 12. a3 Be6 13. Qe1 h6 14. Be3 Qe7 15. b4 Rfd8 16. Na4 Nd7 17. Nb6 Nxb6 18. Bxb6 Rd7 19. Bc5 Qd8 20. b5 Na5 21. Qf2 Nc4 22. bxa6 bxa6 23. Qe2 Nd6 24. Bxa6 Nxe4 25. Bb4 f5 26. Bc4 Qb6 27. Bb5 Rc7 28. Bd3 Bd5 29. c4 Bb7 30. Bxe4 Bxe4 31. Nd2 Bb7 32. c5 Qe6 33. Rfe1 e4 34. Rac1 Ba6 35. Qe3 Qd5 36. Qb3 Qxb3 37. Nxb3 Bb5 38. Na5 Bd4 39. c6 Bb6 40. Nc4 Bf2 41. Re2 Ba7 42. a4 Ba6 43. Rec2 Rxc6 44. Ne5 Rxc2 45. Rxc2 Rd8 46. Rd2 Rxd2 47. Bxd2 Kh7 48. Bc3 Bb7 49. a5 Bf2 50. Nd7 g5 51. Nb8 f4 52. a6 Ba8 53. Nd7 Ba7 54. Bb4 f3 55. Nf6+ Kg6 0-1